Map: Galactic Process LE

Players

IlIlIlIlIlIl (Naniwa) - Winner!

  • Race: Protoss Protoss
  • League: Master
  • Spawn Location: 1:00

Shiek

  • Race: Terran Terran
  • League: Master
  • Spawn Location: 7:00

VOD

Have the link to the VOD?

Description

Time

  • Played on: Oct. 26, 2016, 3:02 p.m.
  • Length: 4:48
Show
View Real Time Build Order
Export as new Build Order

IlIlIlIlIlIl Protoss - Winner!

Build Orders: 1 Gate Expand, Oracle Opening 

Get SALT Encoding   

  12  0:01  Probe (Chrono Boost)  
  13  0:11  Probe (Chrono Boost)  
  14  0:17  Pylon  
  14  0:22  Probe (Chrono Boost)  
  16  0:35  Probe (Chrono Boost)  
  16  0:36  Gateway  
  16  0:42  Assimilator  
  16  0:46  Probe (Chrono Boost)  
  17  0:56  Probe (Chrono Boost)  
  18  1:07  Probe (Chrono Boost)  
  19  1:19  Nexus  
  19  1:29  Cybernetics Core  
  19  1:32  Probe (Chrono Boost)  
  20  1:39  Assimilator  
  20  1:43  Probe (Chrono Boost)  
  21  1:47  Pylon  
  21  1:53  Probe (Chrono Boost)  
  22  1:59  Warp Gate (Chrono Boost)  
  22  2:04  Probe (Chrono Boost)  
  22  2:05  Adept (Chrono Boost)  
  25  2:16  Probe  
  25  2:20  Stargate  
  26  2:29  Probe x2  
  29  2:30  Adept (Chrono Boost)  
  30  2:40  Probe  
  30  2:41  Probe  
  32  2:50  Probe  
  32  2:53  Probe  
  34  2:58  Gateway  
  34  2:59  Gateway  
  34  3:03  Probe  
  35  3:05  Probe  
  35  3:09  Oracle (Chrono Boost)  
  39  3:18  Probe x2  
  41  3:21  Pylon  
  41  3:24  Adept  
  43  3:30  Probe x2  
  45  3:35  Pylon  
  45  3:42  Probe x2  
  45  3:43  Oracle (Chrono Boost)  
  50  3:54  Probe x2  
  49  4:03  Adept x3  
  49  4:06  Probe x2  
  49  4:07  Pylon  
  54  4:18  Probe x2 (Chrono Boost)  
  56  4:29  Probe x2 (Chrono Boost)  
  60  4:38  Robotics Facility  
Show
View Real Time Build Order
Export as new Build Order

Shiek Terran 

Build Orders: Reaper Expand, Hellion Banshee 

Get SALT Encoding   

  12  0:01  SCV  
  13  0:13  SCV  
  14  0:24  Supply Depot  
  14  0:25  SCV  
  15  0:32  Refinery  
  15  0:46  SCV  
  15  0:48  Barracks  
  16  0:58  SCV  
  17  1:10  SCV  
  18  1:22  SCV  
  19  1:35  Orbital Command, Reaper  
  20  1:44  Command Center  
  20  1:56  Factory  
  21  2:01  SCV  
  21  2:07  Supply Depot  
  21  2:12  Refinery  
  21  2:15  Barracks Reactor  
  21  2:16  SCV  
  22  2:28  SCV  
  23  2:48  Starport, SCV  
  24  2:57  Orbital Command  
  28  2:58  Hellion x2  
  28  3:04  SCV  
  29  3:06  Barracks Tech Lab  
  29  3:17  SCV  
  33  3:20  Hellion x2  
  33  3:26  SCV  
  34  3:29  SCV  
  35  3:34  Banshee  
  35  3:38  SCV  
  39  3:41  SCV  
  39  3:43  Supply Depot  
  40  3:54  SCV x2  
  40  3:55  Hellion x2  
  42  3:58  Engineering Bay  
  42  4:05  Marine  
  42  4:06  SCV  
  44  4:15  SCV  
  41  4:18  SCV, Widow Mine x2  
  49  4:24  Missile Turret  
  49  4:27  Missile Turret  
  49  4:28  Marine  
  50  4:32  SCV  
Tags
 
Add a new tag
Caveats
  • Supply blocks, unpowered buildings, or Contaminate may cause inaccurate times.
  • Supply counts are checked every 10 seconds.